 Dungeon Crawl Stone Soup version 0.13.1 (webtiles) character file.

46 Lilouch the Firebug (level 2, 0/15 HPs)
             Began as a Kobold Fire Elementalist on Nov 29, 2013.
             Slain by a goblin
             ... wielding a +0,+0 club
              (5 damage)
             ... on Level 1 of the Dungeon.
             The game lasted 00:03:01 (479 turns).

Lilouch the Firebug (Kobold Fire Elementalist)       Turns: 479, Time: 00:03:02

HP   0/15        AC  3     Str  7      XL: 2   Next: 10%
MP   2/4         EV 12     Int 13      God:
Gold 39          SH 14     Dex 15      Spells:  1 memorised,  2 levels left

Res.Fire  : + . .   See Invis. : .   k - +0 club
Res.Cold  : . . .   Warding    : .   a - +0 robe
Life Prot.: . . .   Conserve   : .   i - +1 shield
Res.Poison: .       Res.Corr.  : .   (no helmet)
Res.Elec. : .       Clarity    : .   (no cloak)
Sust.Abil.: . .     Spirit.Shd : .   g - +0 pair of gauntlets
Res.Mut.  : .       Stasis     : .   (no boots)
Res.Rott. : .       Flight     : .   (no amulet)
Saprovore : + + .                    (no ring)
                                     f - ring of protection from fire {unknown}

@: very slightly contaminated, not resistant to hostile enchantments, stealthy
A: disease resistance, carnivore 3, saprovore 2
a: no special abilities


You were on level 1 of the Dungeon.
You were full.

You visited 1 branch of the dungeon, and saw 1 of its levels.

You collected 19 gold pieces.

Inventory:

Hand weapons
 k - a +0,+0 club (weapon)
Armour
 a - a +0 robe (worn)
 e - a +1 leather armour of poison resistance
 g - a +0 pair of gauntlets (worn)
 i - a +1 shield (worn)
Comestibles
 c - a meat ration
Scrolls
 d - a scroll of magic mapping {unknown}
 h - a scroll of enchant weapon II {unknown}
 j - a scroll of identify {unknown}
 l - a scroll of remove curse {unknown}
 m - a scroll of recharging {unknown}
Jewellery
 f - a ring of protection from fire (left hand) {unknown}
Books
 b - a book of Flames

   Spells                             Type                      Level
   *Flame Tongue                      Conjuration/Fire             1
   Throw Flame                        Conjuration/Fire             2
   Conjure Flame                      Conjuration/Fire             3
   Inner Flame                        Hexes/Fire                   3
   Sticky Flame                       Conjuration/Fire             4
   Fireball                           Conjuration/Fire             5


   Skills:
 * Level 0.7 Armour
 - Level 2.4 Dodging
 - Level 2.6 Stealth
 + Level 0.0 Shields
 + Level 1.0 Spellcasting
 + Level 1.1 Conjurations
 + Level 3.1 Fire Magic


You had 2 spell levels left.
You knew the following spells:

 Your Spells              Type           Power        Failure   Level  Hunger
a - Flame Tongue          Conj/Fire      #....        85%         1    ##.....


Dungeon Overview and Level Annotations

Branches:
Dungeon (1/27)

Altars:
Xom


Innate Abilities, Weirdness & Mutations

You recuperate from illness quickly.
You are small and have problems with some larger weapons.
You are carnivorous and can eat meat at any time.
You can eat rotten meat.


Message History

Press: ? - help, Shift-Dir - straight line, f - goblin
Aim: a goblin, wielding a club You miscast Flame Tongue.
You are very lightly contaminated with residual magic.
You hear a sizzling sound.
The goblin misses you.
Casting: Flame Tongue
Confirm with . or Enter, or press ? or * to list all spells.
Aiming: Flame Tongue
Press: ? - help, Shift-Dir - straight line, f/p - goblin
Aim: a goblin, wielding a club You miscast Flame Tongue.
Your skin tingles.
The goblin hits you with a club.
Casting: Flame Tongue
Confirm with . or Enter, or press ? or * to list all spells.
You don't know that spell.
You closely miss the goblin. You block the goblin's attack.
You completely miss the goblin. The goblin barely misses you.
You hit the goblin but do no damage. The goblin closely misses you.
You closely miss the goblin. The goblin hits you with a club.
You die...

#.... ......≈≈≈...P#
...######P...≈...P##
##r## ##P.....P##
..r ##P...P## #.#
##P.P## #.# ##.##
#.# ### #.# #g# #.#
#@### #.# ### #!..#
#.# #.. #.### ##.#
#..
#.######..######..
#..............#..
#.###.......###...
#.# #.#####.# #...
#.# #.# #.###..# #.#
#.######...#.#


You could see a goblin.

Vanquished Creatures
  A hobgoblin (D:1)
  2 bats (D:1)
  2 goblins (D:1)
  A kobold (D:1)
  3 rats (D:1)
9 creatures vanquished.

Notes
Turn   | Place    | Note
--------------------------------------------------------------
     0 | D:1      | Lilouch, the Kobold Fire Elementalist, began the quest for the Orb.
     0 | D:1      | Reached XP level 1. HP: 10/10 MP: 3/3
    29 | D:1      | Reached skill level 1 in Conjurations
   136 | D:1      | Found a shimmering altar of Xom.
   275 | D:1      | Reached XP level 2. HP: 10/15 MP: 0/4
   479 | D:1      | Slain by a goblin

Action                   || total
-------------------------++-------
Melee: Unarmed           ||     8
       Club              ||    12
 Cast: Flame Tongue      ||     8
